 Dungeon Crawl Stone Soup version 0.14-a0-3345-g9255d23 (webtiles) character file.

215 Herrn the Skirmisher (level 3, 0/31 HPs)
             Began as a Centaur Fighter on Mar 17, 2014.
             Slain by an orc
             ... wielding a +0,+0 mace
              (4 damage)
             ... on Level 3 of the Dungeon.
             The game lasted 00:07:25 (1385 turns).

Herrn the Skirmisher (Centaur Fighter)              Turns: 1385, Time: 00:07:25

HP   0/31        AC  9     Str 18      XL: 3   Next: 89%
MP   3/3         EV  1     Int 12      God:
Gold 152         SH 18     Dex  9      Spells:  0 memorised,  2 levels left

rFire  . . .     SeeInvis .     a - +0 long sword
rCold  . . .     Clarity  .     i - +0 plate armour
rNeg   . . .     Conserve .     v - +1 shield
rPois  .         rCorr    .     (no helmet)
rElec  .         rRot     .     (no cloak)
SustAb . .       Spirit   .     (no gloves)
rMut   .         Warding  .     (no barding)
Saprov . . .     Stasis   .     (no amulet)
MR     .....                    w - cursed ring of hunger
                                s - +5 ring of intelligence

@: very quick, not resistant to hostile enchantments, extremely unstealthy
A: hooves 3, deformed body, herbivore 1, speed 2, fast metabolism 1, tough skin
3
a: no special abilities


You were on level 3 of the Dungeon.
You were very hungry.

You visited 1 branch of the dungeon, and saw 3 of its levels.

You collected 152 gold pieces.

Inventory:

Hand weapons
 a - a +0,+0 long sword (weapon)
Armour
 i - a +0 plate armour (worn)
 v - a +1 shield (worn)
Comestibles
 d - 3 bread rations
 j - an orange
 k - a meat ration
 q - 2 rotting chunks of goblin flesh
 t - a rotting chunk of quokka flesh
 u - a rotting chunk of rat flesh
Scrolls
 l - a scroll of random uselessness
Jewellery
 r - an uncursed ring of fire
 s - a +5 ring of intelligence (left hand)
 w - a cursed ring of hunger (right hand)
Potions
 b - a potion of curing
 c - a potion of brilliance {unknown}
 e - a potion of might
 g - a potion of heal wounds {unknown}
 h - 3 potions of haste {unknown}
 o - a potion of paralysis {unknown}
 p - a potion of flight {unknown}


   Skills:
 * Level 3.5 Fighting
 + Level 1.9 Long Blades
 + Level 2.4 Armour
 * Level 0.8 Dodging
 + Level 2.6 Shields
 * Level 0.4 Spellcasting


You had 2 spell levels left.
You didn't know any spells.

Dungeon Overview and Level Annotations

Branches:
Dungeon (3/15)

Altars:
Ashenzari
Makhleb


Innate Abilities, Weirdness & Mutations

You have hooves in place of feet.
Armour fits poorly on your strangely shaped body.
You digest meat inefficiently.
You cover ground very quickly.
You have a fast metabolism.
You have extremely tough skin (AC +3).


Message History

The orc priest shouts!
The orc shouts!
You hit the rat.
You kill the rat!
An orc comes into view. It is wielding a trident.
You block the orc's attack. You block the orc's attack.
You hit the orc but do no damage. You block the orc's attack.
You barely miss the orc. You kick the orc.
The orc is heavily wounded.
The orc priest calls down the wrath of Beogh upon you.
Something smites you!
Ouch! That really hurt!
You block the orc's attack.
The orc priest invokes the aid of Beogh against you.
Something smites you!
* * * LOW HITPOINT WARNING * * *
You closely miss the orc.
The orc is heavily wounded.
The orc hits you with a mace.
You die...

#. #.# #.. ...
##.# #.# ##...#
..# ##.....##.#
.#.....%.#>#
..oo._....o#
o#.......#o#
##.....##@###
##...##....#
######.####.#.#
#...........#.#
#...........#.#
#...........#.#
#...........#.#
#......[....#.#
#...).......#.#


You could see an orc priest and an orc.

Vanquished Creatures
  3 adders (D:2)
  A giant gecko (D:2)
  An ooze (D:1)
  3 giant cockroaches
  4 goblins
  2 hobgoblins (D:2)
  2 jackals (D:2)
  4 kobolds
  A quokka (D:2)
  A ball python (D:1)
  4 bats
  3 giant newts
  5 rats
34 creatures vanquished.

Notes
Turn   | Place    | Note
--------------------------------------------------------------
     0 | D:1      | Herrn, the Centaur Fighter, began the quest for the Orb.
     0 | D:1      | Reached XP level 1. HP: 19/19 MP: 1/1
   114 | D:1      | Reached XP level 2. HP: 23/26 MP: 2/2
   572 | D:2      | Found a burning altar of Makhleb.
   678 | D:2      | Reached XP level 3. HP: 31/31 MP: 3/3
  1366 | D:3      | Found a shattered altar of Ashenzari.
  1385 | D:3      | Slain by an orc

Action                   || total
-------------------------++-------
Melee: Long sword        ||   129
  Use: Scroll            ||     4
